 Dungeon Crawl Stone Soup version 0.29.1-1-gd02db6906a (webtiles) character file.

Game seed: 8582842951254283883

28 fireball365 the Digger (level 2, -1/20 HPs)
             Began as a Demigod Earth Elementalist on Oct 7, 2022.
             Slain by a worm (3 damage)
             ... on level 2 of the Dungeon.
             The game lasted 00:06:59 (1301 turns).

fireball365 the Digger (Demigod Earth Elementalist) Turns: 1301, Time: 00:07:00

Health: -1/20      AC:  9    Str:  9    XL:     2   Next: 78%
Magic:  4/7        EV:  4    Int: 17    God:
Gold:   33         SH:  0    Dex: 14    Spells: 4/5 levels left

rFire   + . .      SeeInvis .   d - +0 dagger
rCold   . . .      Faith    .   (no shield)
rNeg    . . .      Spirit   .   e - +1 chain mail
rPois   .          Reflect  .   (no helmet)
rElec   .          Harm     .   (no cloak)
rCorr   .          Rampage  .   (no gloves)
Will    .....                   (no boots)
Stlth   ..........              (no amulet)
HPRegen 0.06/turn               i - ring of protection from fire
MPRegen 0.10/turn               (no ring)

@: very slightly contaminated
A: high MP 1, forlorn, divine attributes
a: no special abilities


You were on level 2 of the Dungeon.
You visited 1 branch of the dungeon, and saw 2 of its levels.

You collected 33 gold pieces.

Inventory:

Hand Weapons
 d - a +0 dagger (weapon)
 f - a +0 whip
Missiles
 h - 2 curare-tipped darts
 l - 2 boomerangs
 n - 12 stones
Armour
 a - a +0 robe
 e - a +1 chain mail (worn)
Jewellery
 i - a ring of protection from fire (left hand)
Scrolls
 g - 3 scrolls of magic mapping {unknown}
 j - a scroll of vulnerability {unknown}
 k - a scroll of teleportation {unknown}
 p - a scroll of immolation {unknown}
 q - a scroll of poison {unknown}
Potions
 b - 2 potions of magic
 c - 2 potions of heal wounds {unknown}
 m - a potion of haste {unknown}
 o - 2 potions of curing
 s - a potion of might {unknown}


   Skills:
 + Level 0.3 Short Blades
 + Level 0.1 Throwing
 + Level 0.6 Armour
 + Level 1.8 Dodging
 + Level 1.7 Stealth
 + Level 2.1 Spellcasting
 + Level 0.8 Transmutations
 + Level 3.1 Earth Magic


You had 4 spell levels left.
You knew the following spells:

 Your Spells              Type           Power      Damage    Failure   Level
a - Sandblast             Erth           24%        2d8       99%         1

Your spell library contained the following spells:

 Spells                   Type           Power      Damage    Failure   Level
 Passwall                 Tmut/Erth      6%         N/A       100%        2
 Stone Arrow              Conj/Erth      14%        3d7       100%        3
 Petrify                  Tmut/Erth      8%         N/A       100%        4


Dungeon Overview and Level Annotations

Branches:
Dungeon (2/15)


Innate Abilities, Weirdness & Mutations

You have an increased reservoir of magic. (+10% MP)
You shall have no god before yourself.
Your divine heritage dramatically boosts your attributes as you level up.


Message History

You are very lightly contaminated with residual magic.
Nothing appears to happen.
Casting: Sandblast (safe; 99% risk of failure)
Confirm with . or Enter, or press ? or * to list all spells.
Aiming: Sandblast (safe; 99% risk of failure)
Press: ? - help, Shift-Dir - straight line, f/p - worm
Aim: a worm (94% to hit)
You miscast Sandblast.
Nothing appears to happen.
Casting: Sandblast (safe; 99% risk of failure)
Confirm with . or Enter, or press ? or * to list all spells.
Aiming: Sandblast (safe; 99% risk of failure)
Press: ? - help, Shift-Dir - straight line, f/p - worm
Aim: a worm (94% to hit)
You miscast Sandblast.
Nothing appears to happen.
Casting: Sandblast (safe; 99% risk of failure)
Confirm with . or Enter, or press ? or * to list all spells.
Aiming: Sandblast (safe; 99% risk of failure)
Press: ? - help, Shift-Dir - straight line, f/p - worm
Aim: a worm (94% to hit)
You miscast Sandblast.
Nothing appears to happen.
You hit the worm.
The worm is moderately wounded.
You hit the worm but do no damage.
The worm is moderately wounded.
The worm bites you but does no damage.
You hit the worm.
The worm is moderately wounded.
You hit the worm.
The worm is heavily wounded.
The worm barely misses you.
You hit the worm.
The worm is heavily wounded.
The worm bites you.
* * * LOW HITPOINT WARNING * * *
You hit the worm.
The worm is severely wounded.
You hit the worm.
The worm is almost dead.
The worm bites you.
You die...

#### #.. ########### #.#
<.........#####.#
#########?...>..## #
#####........###.# ##
#................#
.####.###......$.#######
......# #..#.>..@.......
.###### #..#####w#######
.# #..# #.# .# #.$# #?#
## #..# #.# # #..# #.# #
#.. # #.. #


You could see a worm.

Vanquished Creatures
  An adder (D:2)
  A worm (D:2)
  A dart slug (D:1)
  A giant cockroach (D:1)
  A hobgoblin (D:1)
  2 bats (D:1)
  A frilled lizard (D:1)
  5 goblins (D:1)
  A kobold (D:1)
  2 rats (D:1)
16 creatures vanquished.

Notes
Turn   | Place    | Note
-------+----------+-------------------------------------------
     0 | D:1      | fireball365 the Demigod Earth Elementalist began the quest
                  | for the Orb.
     0 | D:1      | Reached XP level 1. HP: 14/14 MP: 5/5
   240 | D:1      | Reached skill level 3 in Earth Magic
   654 | D:1      | Reached XP level 2. HP: 17/20 MP: 7/7
  1301 | D:2      | Slain by a worm

Illustrated notes

Levels and vault maps discovered:
D:1:      matt_arrival_grand_opening, layout_loops_ring, item_on_display_a
D:2:      layout_loops_ring, serial_glass, glass_columns_b, glass_columns_b,
          hangedman_decor_points

Skill      XL: |  1 |
---------------+----+-----
Earth Magic    | 3 |  3.1
Spellcasting   | 2 |  2.1
Short Blades   | |  0.3
Throwing       | |  0.1
Armour         | |  0.6
Dodging        | |  1.8
Stealth        | |  1.7
Transmutations | |  0.8

Action                   || total
-------------------------++-------
Melee: Dagger            ||    91
       Punch             ||     1
Throw: Dart              ||     5
       Boomerang         ||     4
 Cast: Sandblast         ||     2
  Use: Scroll            ||     2
       Potion            ||     1
Armor: Chain mail        ||    98
Dodge: Dodged            ||    22
